 Dungeon Crawl Stone Soup version 0.17.0-24-gcfadda4 (webtiles) character file.

48 MackTheKnife the Insei (level 4, -1/55 HPs)
             Began as a Human Monk on Nov 15, 2015.
             Killed from afar by Natasha (8 damage)
             ... with an exploding inner flame
             ... hexed by the player character
             ... on level 2 of the Dungeon.
             The game lasted 00:02:27 (913 turns).

MackTheKnife the Insei (Human Monk)                  Turns: 913, Time: 00:02:27

Health: -1/55      AC: 22    Str: 10 (12) XL:     4   Next: 0%
Magic:  4/4        EV:  2    Int: 10      God:
Gold:   20         SH:  0    Dex: 16      Spells: 0 memorised, 3 levels left

rFire  + . .     SeeInvis .     e - +0 dagger (elec)
rCold  . . .     Clarity  .     (armour currently unavailable)
rNeg   + + +     SustAt   .     (no shield)
rPois  +         Gourm    .     (helmet currently unavailable)
rElec  .         Spirit   .     (cloak currently unavailable)
rCorr  .         Warding  .     (gloves currently unavailable)
rMut   .         NoTele   +     (boots currently unavailable)
MR     .....                    h - amulet of rage {+Rage, !d}
Stlth  +++.......               l - ring of positive energy {rN+}
                                n - ring of protection from fire {rF+, !d}

@: tree-form, not resistant to hostile enchantments, fairly stealthy
A: no striking features
a: Evoke Berserk Rage


You were on level 2 of the Dungeon.
You were not hungry.
You were a tree.
You visited 1 branch of the dungeon, and saw 2 of its levels.

You collected 20 gold pieces.

Inventory:

Hand Weapons
 e - a +0 dagger of electrocution (weapon)
   (You took it off a kobold on level 1 of the Dungeon)
Armour
 a - a +0 robe (melded)
 j - a +1 pair of gloves (melded)
   (You found it on level 1 of the Dungeon)
 o - a +0 helmet (melded)
   (You found it on level 2 of the Dungeon)
Jewellery
 h - an amulet of rage (around neck) {+Rage, !d}
   (You found it on level 1 of the Dungeon)
 l - a ring of positive energy (right branch) {rN+}
   (You found it on level 1 of the Dungeon)
 n - a ring of protection from fire (left branch) {rF+, !d}
   (You found it on level 2 of the Dungeon)
Potions
 g - 2 potions of degeneration {!q}
Comestibles
 b - a bread ration {@e1}
 d - 3 fruits


   Skills:
 + Level 3.8 Fighting
 + Level 3.6 Dodging
 - Level 2.0 Stealth
 - Level 4.1 Unarmed Combat


You had 3 spell levels left.
You didn't know any spells.

Dungeon Overview and Level Annotations

Branches:
Dungeon (2/15)

Altars:


Message History

Natasha zaps a wand.
The crimson imp blinks!
The white imp hits you. The white imp freezes you.
You take 15 damage, and have 19/37 hp.
MASSIVE DAMAGE!!
You hit Natasha.
The white imp hits you but does no damage.
Natasha zaps a wand.
Read which item? (? for menu, Esc to quit)
As you read the scroll labeled USAVVU CUWOAZ, it crumbles to dust.
You hear a loud clanging noise!
It was a scroll of noise.
You hear a shout!
The white imp closely misses you.
Natasha barely misses the crimson imp.
The white imp closely misses you.
Unknown command.
Read which item? (? for menu, Esc to quit)
As you read the scroll labeled JIUTSA WEGHIF, it crumbles to dust.
You feel blessed for a moment.
It was a scroll of remove curse.
Natasha zaps a wand.
The white imp gestures at you. The puff of frost hits you!
* * * LOW HITPOINT WARNING * * *
A rat comes into view.
You take 9 damage, and have 11/37 hp.
MASSIVE DAMAGE!!
Read which item? (? for menu, Esc to quit)
As you read the scroll labeled CAINLA WOFUGGI, it crumbles to dust.
The creatures around you are filled with an inner flame!
It was a scroll of immolation.
The crimson imp blinks!
The white imp gestures at you. The puff of frost hits you!
* * * LOW HITPOINT WARNING * * *
Natasha zaps a wand.
The white imp gestures at you. The puff of frost hits you!
* * * LOW HITPOINT WARNING * * *
You take 6 damage, and have 5/37 hp.
Unknown command.
Drink which item? (? for menu, Esc to quit)
It was a potion of degeneration.
There was something very wrong with that liquid.
You feel weakened.
The white imp disappears in a puff of smoke!
Natasha zaps a wand.
The crimson imp picks up a beetle and eats it.
Drink which item? (? for menu, Esc to quit)
It was a potion of lignification.
You turn into a tree.
Your +0 helmet melds into your body.
Your +0 pair of gloves melds into your body.
Your +0 robe melds into your body.
Your roots penetrate the ground.
Natasha zaps a wand.
You now have 7/55 hp.
Drink which item? (? for menu, Esc to quit)
It was a potion of curing.
You feel better.
Natasha seems less confused.
Natasha zaps a wand.
Nothing appears to happen.
The crimson imp shouts, "Get thee hence, thou dankish folly-fallen crab-lanthorn!"
The crimson imp hits you but does no damage.
You regained 7 hp, and now have 14/55 hp.
You closely miss Natasha.
You feel yourself speed up.
The crimson imp hits you but does no damage.
Natasha claws you but does no damage. The rat bites you but does no damage.
The crimson imp hits you but does no damage.
You hit Natasha.
Natasha casts a spell.
The rat bites you but does no damage.
The crimson imp hits you but does no damage.
Read which item? (? for menu, Esc to quit)
As you read the scroll labeled HYAHUL NAPH, it crumbles to dust.
It is a scroll of enchant armour.
Enchant which item? (? for menu, Esc to quit)
Your +0 pair of gloves glows green for a moment.
Natasha claws you but does no damage. The rat bites you.
* * * LOW HITPOINT WARNING * * *
The crimson imp hits you but does no damage.
You take 2 damage, and have 12/55 hp.
Unknown command.
You barely miss Natasha. Natasha claws you but does no damage.
The rat barely misses you.
The crimson imp hits you but does no damage.
You hit Natasha.
The crimson imp disappears in a puff of smoke!
The shadow imp laughs crazily.
The shadow imp hits you but does no damage.
Natasha claws you.
* * * LOW HITPOINT WARNING * * *
The rat bites you but does no damage.
You take 4 damage, and have 8/55 hp.
Unknown command.
You hit Natasha but do no damage. The shadow imp hits you.
* * * LOW HITPOINT WARNING * * *
Natasha claws you but does no damage. The rat bites you but does no damage.
You take 1 damage, and have 7/55 hp.
Unknown command.
You hit Natasha but do no damage.
There is a sudden explosion of sparks!
The fiery explosion engulfs the shadow imp.
You kill the shadow imp!
The fiery explosion engulfs you! You resist.
You die...

..+.......+.. .... ...
#.#........####.. ...
................. ...
#.........# #.# #.# #
#....(....# #.# #.##.#
#.........###.###..#)##
..+.........#............
.$.....§§.§...÷..........
###.....♣§§##.##.##<.....
########r##§##.##..###..##
......†.............. ...
########.##.##.###..## .#
#.##.##.# #.# # #.##.##.#
.# #.##. #.. .. #.# ###
...


You could see a rat (inner flame).

Vanquished Creatures
  Natasha (D:2)
  A worm (D:2)
  A giant gecko (D:1)
  A ball python (D:1)
  3 bats (D:1)
  2 giant cockroaches (D:1)
  2 hobgoblins (D:1)
  3 giant newts
  2 goblins (D:1)
  4 kobolds (D:1)
  A rat (D:1)
21 creatures vanquished.

Notes
Turn   | Place    | Note
--------------------------------------------------------------
     0 | D:1      | MackTheKnife the Human Monk began the quest for the Orb.
     0 | D:1      | Reached XP level 1. HP: 18/18 MP: 1/1
   123 | D:1      | Reached XP level 2. HP: 21/24 MP: 2/2
   665 | D:2      | Reached XP level 3. HP: 29/29 MP: 3/3
   859 | D:2      | Noticed Natasha
   870 | D:2      | Killed Natasha
   870 | D:2      | Reached XP level 4. HP: 35/37 MP: 4/4
   885 | D:2      | Noticed Natasha
   903 | D:2      | HP: 8/37 [white imp/puff of frost[Natasha] (3)]
   909 | D:2      | HP: 12/55 [rat (2)]
   913 | D:2      | Killed Natasha
   913 | D:2      | Killed from afar by Natasha

Action                   |  1- 3 |  4- 6 || total
-------------------------+-------+-------++-------
Melee: Unarmed           |    11 |     1 ||    12
       Dagger            |    61 |     7 ||    68
  Use: Scroll            |       |     4 ||     4
       Potion            |       |     3 ||     3
 Stab: Sleeping          |     1 |       ||     1

Vault maps used:
D:1:      nicolae_arrival_somewhat_less_tricky_arrival
D:2:      serial_glass, glass_columns_a, glass_columns_b,
          minmay_strange_pillars, due_unseen_surprise, uniq_natasha

Table legend:
 A = Turns spent in this place as a percentage of turns spent in the entire game.
 B = Non-inter-level travel turns spent in this place as a percentage of non-inter-level travel turns spent in the entire game.
 C = Inter-level travel turns spent in this place as a percentage of turns spent in this place.
 D = Turns resting spent in this place as a percentage of non-inter-level travel turns spent in this place.
 E = Turns spent auto-exploring this place as a percentage of non-inter-level travel turns spent in this place.
 F = Non-inter-level travel turns spent in this place divided by the number of levels of this place that you've seen.
                   A       B       C       D       E      F
               +-------+-------+-------+-------+-------+----------------------
         Total | 100.0 | 100.0 |   0.4 |   1.4 |  13.3 | 139.0
       Dungeon | 100.0 | 100.0 |   0.4 |   1.4 |  13.3 | 139.0
               +-------+-------+-------+-------+-------+----------------------

Table legend:
 A = Kills in this place as a percentage of kills in entire the game.
 B = Kills by you in this place as a percentage of kills by you in the entire game.
 C = Kills by friends in this place as a percentage of kills by friends in the entire game.
 D = Other kills in this place as a percentage of other kills in the entire game.
 E = Experience gained in this place as a percentage of experience gained in the entire game.
 F = Experience gained in this place divided by the number of levels of this place that you have seen.
                   A       B       C       D       E      F
               +-------+-------+-------+-------+-------+----------------------
         Total | 100.0 | 100.0 |  -nan |  -nan | 100.0 |  34.5
       Dungeon | 100.0 | 100.0 |  -nan |  -nan | 100.0 |  34.5
               +-------+-------+-------+-------+-------+----------------------
